[Event "Titled Tuesday Blitz May 31 Early 2022"]
[White "Reprintsev, Alexander"]
[Black "Tong, Hai Anh"]
[WhiteFideId "14100541"]
[BlackFideId "12412805"]
[WhiteElo "2108"]
[BlackElo "1467"]
[Result "1-0"]
[Round "07"]
[TimeControl "180+1"]
[Date "2022.06.01"]
[WhiteClock "0:00:08"]
[BlackClock "0:00:01"]

1. e4 c6 2. Nc3 d5 3. Nf3 dxe4 4. Nxe4 Nf6 5. Qe2 Nxe4 6. Qxe4 Nd7 7. Bc4 Nf6 8. Qe2 Bf5 9. d3 e6 10. Bd2 Be7 11. O-O-O b5 12. Bb3 a5 13. a4 Nd5 14. Ne5 Qc7 15. g4 Bg6 16. f4 Nb6 17. f5 exf5 18. gxf5 bxa4 19. fxg6 axb3 20. gxf7+ Kf8 21. cxb3 a4 22. Qh5 axb3 23. Ng6+ hxg6 24. Qxh8+ Kxf7 25. Rdf1+ Bf6 26. Rxf6+ Kxf6 27. Bc3+ Ke6 28. Re1+ Kd5 29. Qh4 Ra1+ 30. Kd2 Rxe1 31. Kxe1 Nd7 32. Qe4+ Kc5 33. Qb4+ Kd5 34. Qxb3+ Kd6 35. Qb4+ c5 36. Qf4+ Kc6 37. Qxc7+ Kxc7 38. Bxg7 Nb6 39. Ke2 Kc6 40. Kf3 Kd5 41. Kg4 Ke6 42. Bf8 c4 43. dxc4 Nxc4 44. b4 Kf7 45. Bc5 Ke6 46. Kg5 Kf7 47. Kf4 Ke6 48. Ke4 Ne5 49. b5 Nd7 50. Bd4 Kd6 51. Kf4 Kd5 52. Bf2 Ne5 53. b6 Nd3+ 54. Ke3 Nc5 55. Kf3 Nb7 56. Kg4 Ke6 57. Kg5 Kf7 58. Bd4 Nd6 59. Kf4 Nb7 60. Bc3 Ke6 61. Bb4 Kf7 62. Ke5 Nd8 63. Kd5 Ke8 64. Kd6 g5 65. Kc7 Ne6+ 66. Kc8 Nd8 67. h3 Nc6 68. Bd2 Kf7 69. b7 Kg6 70. Kc7 Na7 71. b8=Q 1-0


[Site "https://www.chess.com"]

[Event "Titled Tuesday Blitz May 31 Early 2022"]
[White "Rios Escobar, Adan"]
[Black "Zaksaite, Salomeja"]
[WhiteFideId "3403645"]
[BlackFideId "12801496"]
[WhiteElo "2419"]
[BlackElo "1953"]
[Result "1-0"]
[Round "07"]
[TimeControl "180+1"]
[Date "2022.06.01"]
[WhiteClock "0:00:09"]
[BlackClock "0:00:01"]

1. d4 Nf6 2. g3 g6 3. Bg2 d5 4. c4 dxc4 5. Nf3 Bg7 6. O-O O-O 7. Na3 Nc6 8. Nxc4 Be6 9. b3 Bd5 10. Bb2 a5 11. Rc1 a4 12. Bh3 axb3 13. axb3 Ra2 14. Ra1 Qa8 15. Qb1 Rxa1 16. Qxa1 Bxf3 17. exf3 Qxa1 18. Rxa1 Rd8 19. Ne5 Nxd4 20. Bxd4 Rxd4 21. Ra8+ Bf8 22. Bf1 Kg7 23. Bc4 e6 24. f4 Rd6 25. Rb8 Rb6 26. g4 h6 27. g5 Ne4 28. Nd7 Bc5 29. Nxb6 Bxf2+ 30. Kg2 Bxb6 31. h4 hxg5 32. hxg5 Nd6 33. Bd3 f6 34. gxf6+ Kxf6 35. Rf8+ Kg7 36. Rb8 Kf6 37. Kf3 Nf5 38. Bxf5 gxf5 39. Rxb7 e5 40. Rb8 e4+ 41. Ke2 Ke6 42. Rd8 Kf6 43. Rd7 Ke6 44. Rh7 Kf6 45. Rh6+ Kf7 46. Rc6 e3 47. Kd3 Ke7 48. b4 Kf7 49. b5 Ke7 50. Rh6 Kf7 51. Rc6 Ke7 52. Ke2 Kf7 53. Kf3 Kg7 54. Re6 Kf7 55. Re5 Kf6 56. Ke2 Kg6 57. Kd3 Kf6 58. Kc4 Kg6 59. Kd5 Kf6 60. Kc6 Kg6 61. Kd7 Kf6 62. Kd8 Kg6 63. Ke7 Bd4 64. Re6+ Kh5 65. Kd7 Kg4 66. Kxc7 Kxf4 67. Kc6 Kf3 68. Kd5 Ba7 69. Re7 Bb8 70. Re8 1-0


[Site "https://www.chess.com"]

[Event "Titled Tuesday Blitz May 31 Early 2022"]
[White "Royal, Shreyas"]
[Black "Cherniaiev, Tykhon"]
[WhiteFideId "448869"]
[BlackFideId "14182360"]
[WhiteElo "1986"]
[BlackElo "2289"]
[Result "1/2-1/2"]
[Round "07"]
[TimeControl "180+1"]
[Date "2022.06.01"]
[WhiteClock "0:00:11"]
[BlackClock "0:00:07"]

1. d4 Nf6 2. c4 e6 3. Nf3 d5 4. g3 Be7 5. Bg2 O-O 6. O-O dxc4 7. Qc2 a6 8. a4 Bd7 9. Qxc4 b5 10. Qc2 Bc6 11. Nbd2 Bb7 12. axb5 axb5 13. Rxa8 Bxa8 14. Rd1 Nbd7 15. Ne5 Bxg2 16. Kxg2 Nxe5 17. dxe5 Qa8+ 18. Nf3 Nd5 19. e4 Nb4 20. Qxc7 Re8 21. Rd7 Na6 22. Qb6 Rb8 23. Qa7 Bc5 24. Qxa8 Rxa8 25. Ng5 Rf8 26. Rb7 b4 27. Kf3 h6 28. Nh3 Rc8 29. Nf4 Bxf2 30. Kxf2 Rxc1 31. Rb6 Nc5 32. Rxb4 Rc2+ 33. Ke3 Rxh2 34. Rc4 Nb3 35. Rc3 Rxb2 36. Nd3 Rb1 37. Rc8+ Kh7 38. Rb8 Nd2 39. Rf8 Nc4+ 40. Kd4 Nb2 41. Rb8 Rg1 42. Rxb2 Rxg3 43. Rf2 Kg8 44. Kc3 h5 45. Kd2 h4 46. Ke2 g5 47. Rf3 Rg2+ 48. Rf2 Rg3 49. Rh2 Kg7 50. Ne1 f6 51. Nf3 fxe5 52. Nxe5 Ra3 53. Rh1 Kf6 54. Nd3 Kg6 55. Ke3 Kh5 56. Kd4 g4 57. Nf4+ Kg5 58. Nxe6+ Kh5 59. Nf4+ Kg5 60. Nd3 h3 61. Nf2 Kh4 62. e5 Rf3 63. Ne4 g3 64. e6 Rf8 65. Nxg3 Kxg3 66. Ke5 h2 67. Rxh2 Kxh2 68. Kd6 Kg3 69. e7 Ra8 70. Kd7 Ra7+ 71. Kd8 Ra8+ 72. Kd7 Kf4 73. e8=Q Rxe8 74. Kxe8 1/2-1/2


[Site "https://www.chess.com"]

[Event "Titled Tuesday Blitz May 31 Early 2022"]
[White "Rustemov, Alexander"]
[Black "Maksimenko, Viktor"]
[WhiteFideId "4119002"]
[BlackFideId "13710478"]
[WhiteElo "2814"]
[BlackElo "2269"]
[Result "0-1"]
[Round "07"]
[TimeControl "180+1"]
[Date "2022.06.01"]
[WhiteClock "0:00:04"]
[BlackClock "0:00:11"]

1. d4 Nf6 2. c4 e6 3. Nf3 b6 4. a3 Bb7 5. Nc3 d5 6. Bg5 Be7 7. Bxf6 Bxf6 8. cxd5 exd5 9. Qa4+ Nd7 10. g3 O-O 11. Bh3 c6 12. Nxd5 b5 13. Nxf6+ Nxf6 14. Qd1 c5 15. dxc5 Bxf3 16. Qxd8 Raxd8 17. exf3 Rfe8+ 18. Kf1 Rd2 19. Kg2 Ree2 20. Rhf1 Rxb2 21. c6 Rbc2 22. Rac1 Rxf2+ 23. Kg1 Rxf1+ 24. Rxf1 Rxc6 25. Rb1 Rb6 26. Bf1 a6 27. a4 g6 28. axb5 axb5 29. Rxb5 Rxb5 30. Bxb5 Kg7 31. Kf2 Kf8 32. Bc4 Ke7 33. Ke3 Nd7 34. Kd4 f6 35. Bb5 Ne5 36. Ke4 Ke6 37. Be2 f5+ 38. Kd4 g5 39. Ke3 Kf6 40. Bb5 h6 41. Be2 Ng6 42. f4 Ne7 43. Bf3 Ng6 44. Bd5 Ne7 45. Bb7 Ng6 46. Bc6 Ne7 47. Be8 Nd5+ 48. Kf3 Ne7 49. h3 Nd5 50. Bc6 Ne7 51. Bb7 Ng6 52. Ba6 Ne7 53. Bc4 Ng6 54. Bd3 Ne7 55. h4 Ng6 56. h5 Nf8 57. Bc4 Nd7 58. Bb5 Nc5 59. g4 Ne6 60. fxg5+ Kxg5 61. Kg3 Nd4 62. Bd7 f4+ 63. Kf2 Kh4 64. Kg2 Kg5 65. Kf2 Nb3 66. Kf3 Nc5 67. Bc8 Nd3 68. Ke4 Ne1 69. Bd7 Ng2 70. Kf3 Ne1+ 71. Ke4 Nc2 72. Kf3 Nd4+ 73. Ke4 Nc2 74. Kf3 Ne3 75. Ke4 Nxg4 76. Bc8 Nf6+ 77. Kf3 Nxh5 78. Ke4 Nf6+ 79. Kf3 Ng8 80. Be6 Ne7 81. Bd7 Ng6 82. Ke4 h5 83. Bc8 Ne7 84. Be6 Ng6 85. Bc8 Nh4 86. Bd7 Ng2 87. Kf3 Ne3 88. Be8 Nd5 89. Bc6 Nf6 90. Bb7 Ng4 91. Bc8 Ne5+ 92. Ke4 Nf7 93. Kf3 h4 94. Be6 Nd6 95. Bd7 Nf5 96. Ke4 h3 97. Kf3 Nh4+ 98. Kf2 h2 99. Bc6 Kf5 100. Bh1 Kg4 101. Ke2 Kg3 102. Kf1 f3 103. Ke1 Ng6 104. Kf1 Ne5 105. Ke1 Ng4 106. Kf1 Nf2 107. Bxf3 Kxf3 108. Ke1 h1=Q+ 109. Kd2 Qd1+ 0-1


[Site "https://www.chess.com"]

[Event "Titled Tuesday Blitz May 31 Early 2022"]
[White "Salinas Herrera, Pablo"]
[Black "Barria Zuniga, Daniel"]
[WhiteFideId "3407128"]
[BlackFideId "3400816"]
[WhiteElo "2541"]
[BlackElo "2414"]
[Result "0-1"]
[Round "07"]
[TimeControl "180+1"]
[Date "2022.06.01"]
[WhiteClock "0:00:01"]
[BlackClock "0:00:01"]

1. d4 e6 2. Nf3 f5 3. g3 b6 4. Bg2 Bb7 5. O-O Nf6 6. c4 Na6 7. a3 Be7 8. Nc3 O-O 9. d5 Nc5 10. Nd4 a5 11. b3 Nfe4 12. Nxe4 Nxe4 13. Bb2 Bf6 14. Qc2 exd5 15. cxd5 Bxd5 16. Rad1 c6 17. Nxf5 Bxb2 18. Bxe4 Bxe4 19. Qxe4 d5 20. Qe6+ Kh8 21. Ne3 Bxa3 22. Qxc6 Bc5 23. Nxd5 Rc8 24. Qb5 Qg5 25. e3 Qg6 26. Nf4 Qf7 27. Rd3 g5 28. Nd5 Rcd8 29. Qc4 Rd6 30. Rd2 h6 31. Rfd1 Kg7 32. h4 Qf5 33. hxg5 hxg5 34. Qc3+ Kg6 35. Qc4 Rf7 36. Kg2 Qf3+ 37. Kg1 Rh7 38. Qd3+ Kg7 39. Qxh7+ Kxh7 40. e4 Rh6 0-1


[Site "https://www.chess.com"]

[Event "Titled Tuesday Blitz May 31 Early 2022"]
[White "Samarth, J Rao"]
[Black "Vifleemskaia, Svetlana"]
[WhiteFideId "46652370"]
[BlackFideId "4129490"]
[WhiteElo "1514"]
[BlackElo "1929"]
[Result "1-0"]
[Round "07"]
[TimeControl "180+1"]
[Date "2022.06.01"]
[WhiteClock "0:00:03"]
[BlackClock "0:00:02"]

1. e4 e5 2. d4 exd4 3. Qxd4 Nc6 4. Qe3 Nf6 5. Bd2 Be7 6. Nc3 d5 7. exd5 Nxd5 8. Qg3 Nxc3 9. Bxc3 Bf6 10. Bb5 O-O 11. Ne2 Re8 12. O-O Bf5 13. Rad1 Qe7 14. Bxc6 bxc6 15. Nd4 Bd7 16. Rfe1 Qd6 17. Nf3 Qxg3 18. Rxe8+ Rxe8 19. fxg3 Bxc3 20. bxc3 Be6 21. a3 f6 22. Re1 Kf7 23. Nd4 Bd5 24. Rd1 Re3 25. Rd3 Re1+ 26. Kf2 Ra1 27. c4 Bxc4 28. Rc3 Bd5 29. Nxc6 Bxc6 30. Rxc6 Rxa3 31. Rxc7+ Kg6 32. c4 a5 33. c5 Ra2+ 34. Ke3 a4 35. c6 a3 36. Kd3 Rxg2 37. Ra7 Rg1 38. Kc2 Rg2+ 39. Kb3 Rg1 40. Kxa3 Rc1 41. c7 h5 42. Kb2 Rc6 43. Rb7 Kg5 44. Kb3 g6 45. Kb4 Kg4 46. Kb5 Rc1 47. Kb6 g5 48. Ka7 h4 49. gxh4 Kxh4 50. Kb8 g4 51. c8=Q Rxc8+ 52. Kxc8 Kh3 53. Rh7+ Kg2 54. Kd7 f5 55. Ke6 f4 56. Kf5 g3 57. hxg3 fxg3 58. Kg4 Kf2 59. Ra7 g2 60. Ra2+ Kf1 61. Kf3 g1=Q 62. Ra1# 1-0


[Site "https://www.chess.com"]

[Event "Titled Tuesday Blitz May 31 Early 2022"]
[White "Sargissyan, Sargis"]
[Black "Yang, Kaiqi"]
[WhiteFideId "13303210"]
[BlackFideId "8604398"]
[WhiteElo "2174"]
[BlackElo "2373"]
[Result "1-0"]
[Round "07"]
[TimeControl "180+1"]
[Date "2022.06.01"]
[WhiteClock "0:00:10"]
[BlackClock "0:00:02"]

1. e4 e6 2. d4 d5 3. Nc3 Bb4 4. e5 c5 5. a3 Bxc3+ 6. bxc3 Qc7 7. Qg4 f6 8. exf6 Nxf6 9. Qg3 Qxg3 10. hxg3 Ne4 11. Ne2 Nd7 12. f3 Nd6 13. Nf4 Nf6 14. dxc5 Nf5 15. g4 Ng3 16. Bb5+ Kf7 17. Rh3 e5 18. Nd3 e4 19. Nf2 a6 20. Ba4 Ngh5 21. Rxh5 Nxh5 22. gxh5 exf3 23. gxf3 Rf8 24. Be3 Kg8 25. Bb3 Rf5 26. Ke2 Be6 27. Nd3 Raf8 28. Rf1 Bf7 29. Nf4 Re8 30. Kf2 Rfe5 31. Bd4 Rf5 32. Be3 Rfe5 33. Re1 g5 34. hxg6 hxg6 35. Nd3 Rh5 36. Bf4 Rxe1 37. Kxe1 Kg7 38. Be5+ Kh6 39. Kf2 g5 40. Nb4 Kh7 41. Nxd5 Rh1 42. Nf6+ Kg6 43. Bxf7+ Kxf7 44. Ne4 Ke6 45. Bd4 Kf5 46. Ng3+ Kg6 47. Nxh1 1-0


[Site "https://www.chess.com"]

[Event "Titled Tuesday Blitz May 31 Early 2022"]
[White "Sargsyan, Anna M."]
[Black "Devaev, Alexander"]
[WhiteFideId "13308130"]
[BlackFideId "4169395"]
[WhiteElo "2271"]
[BlackElo "2185"]
[Result "1-0"]
[Round "07"]
[TimeControl "180+1"]
[Date "2022.06.01"]
[WhiteClock "0:00:06"]
[BlackClock "0:00:01"]

1. d4 Nf6 2. c4 e6 3. Nf3 c5 4. d5 exd5 5. cxd5 d6 6. Nc3 g6 7. Nd2 Nbd7 8. Nc4 Nb6 9. Nxb6 Qxb6 10. Qc2 Bg7 11. Bf4 O-O 12. e3 Bf5 13. Bd3 Bxd3 14. Qxd3 Qxb2 15. Rb1 Qa3 16. O-O c4 17. Qxc4 Rfc8 18. Nb5 Rxc4 19. Nxa3 Ra4 20. Bxd6 Ne4 21. Be7 Nd2 22. Rxb7 Nxf1 23. Kxf1 Bf8 24. Nb5 Bxe7 25. Rxe7 Ra5 26. Nc7 Rd8 27. e4 Rxa2 28. e5 a5 29. d6 Rd2 30. Ke1 Rd4 31. Ke2 Kf8 32. e6 R4xd6 33. Rxf7+ Kg8 34. Rf6 Rc8 35. Nb5 Rd5 36. Na3 Re8 37. Nc4 Kg7 38. Rf7+ Kh6 39. Ne3 Re5 40. Kf3 g5 41. Ng4+ Kh5 42. Nxe5 h6 43. g4+ Kh4 44. Rh7 Rxe6 45. Nf7 Rf6+ 46. Kg2 Kxg4 47. Nxh6+ Kf4 48. h3 Ra6 49. Rf7+ Ke4 50. Re7+ Kd4 51. Nf5+ Kc4 52. Ne3+ Kc3 53. Rc7+ Kd4 54. Rc4+ Ke5 55. Ra4 1-0


[Site "https://www.chess.com"]

[Event "Titled Tuesday Blitz May 31 Early 2022"]
[White "Sirosh, Ilja"]
[Black "Darini, Pouria"]
[WhiteFideId "4500458"]
[BlackFideId "12502200"]
[WhiteElo "2241"]
[BlackElo "2483"]
[Result "1-0"]
[Round "07"]
[TimeControl "180+1"]
[Date "2022.05.31"]
[WhiteClock "0:00:08"]
[BlackClock "0:00:01"]

1. e4 c5 2. Nf3 d6 3. d4 cxd4 4. Nxd4 Nf6 5. Nc3 a6 6. Bc4 e6 7. Bb3 b5 8. Be3 Be7 9. a3 O-O 10. Qe2 Qc7 11. O-O-O Nc6 12. g4 Na5 13. Kb1 Nxb3 14. cxb3 b4 15. axb4 Qb7 16. f3 Bd7 17. g5 Ne8 18. h4 f5 19. exf5 e5 20. f6 gxf6 21. gxf6 Nxf6 22. Rhg1+ Kh8 23. Bh6 Rg8 24. f4 exd4 25. Ka2 Bb5 26. Qe6 Rxg1 27. Rxg1 Rg8 28. Nd5 Rxg1 29. Nxe7 Qd7 30. Qxf6+ 1-0


[Site "https://www.chess.com"]

[Event "Titled Tuesday Blitz May 31 Early 2022"]
[White "Sjugirov, Sanan"]
[Black "Dronavalli, Harika"]
[WhiteFideId "4189302"]
[BlackFideId "5015197"]
[WhiteElo "2602"]
[BlackElo "2382"]
[Result "1-0"]
[Round "07"]
[TimeControl "180+1"]
[Date "2022.05.31"]
[WhiteClock "0:00:11"]
[BlackClock "0:00:34"]

1. e4 c5 2. Nc3 e6 3. Nf3 Nc6 4. d4 cxd4 5. Nxd4 Nf6 6. Ndb5 d6 7. Bf4 e5 8. Bg5 a6 9. Na3 Rb8 10. Nc4 Be6 11. Ne3 Be7 12. Bxf6 Bxf6 13. Ned5 Bg5 14. g3 O-O 15. Bg2 b5 16. a3 a5 17. O-O b4 18. axb4 axb4 19. Ne2 Bxd5 20. Qxd5 Qc7 21. Rfd1 Rfd8 22. h4 Bf6 23. Bf1 Nd4 24. Nxd4 exd4 25. Bd3 Qe7 26. Ra6 Qe5 27. Qb3 Rd7 28. Rda1 g6 29. R1a5 Qe7 30. Qd5 Kg7 31. b3 h5 32. Kg2 Re8 33. Rb6 Qd8 34. Qc6 Rc7 35. Qxd6 Rd7 36. Qxb4 Be7 37. Qb5 Bf6 38. Rba6 Re5 39. Qa4 Rxa5 40. Qxa5 Qe7 41. Qa3 Qd8 42. Ra8 Qe7 43. Qxe7 Bxe7 44. f4 Bb4 45. e5 Bc5 46. Kf3 Ra7 47. Rxa7 Bxa7 48. b4 Kf8 49. Ke4 Ke7 50. Kd5 Kd7 51. f5 gxf5 52. Bxf5+ Ke7 53. Bd3 f6 54. exf6+ Kxf6 55. Be2 Kg6 56. g4 hxg4 57. Bxg4 Kf6 58. Be2 Ke7 59. h5 Kf6 60. b5 Kg5 61. Kc6 Bb8 62. b6 Kf4 63. Kb7 Be5 64. Kc8 Ke3 65. Bd3 Kf4 66. b7 Kg5 67. Bg6 Kh6 68. b8=Q Bxb8 69. Kxb8 d3 70. Bxd3 Kxh5 71. c4 Kg5 72. c5 Kf4 73. c6 Ke3 74. c7 1-0


[Site "https://www.chess.com"]

[Event "Titled Tuesday Blitz May 31 Early 2022"]
[White "Stankovic, Ivan G"]
[Black "Gong, Patrick"]
[WhiteFideId "902837"]
[BlackFideId "3222500"]
[WhiteElo "2195"]
[BlackElo "2103"]
[Result "0-1"]
[Round "07"]
[TimeControl "180+1"]
[Date "2022.06.01"]
[WhiteClock "0:00:06"]
[BlackClock "0:00:10"]

1. e4 c6 2. d4 d5 3. e5 Bf5 4. Nf3 e6 5. Be2 c5 6. c3 Qb6 7. Nbd2 Nc6 8. dxc5 Bxc5 9. O-O Bg6 10. Nb3 Be7 11. Bf4 Nh6 12. Bd3 Bxd3 13. Qxd3 Nf5 14. g4 Nh4 15. Nxh4 Bxh4 16. Kg2 Be7 17. Bg3 h5 18. h3 a5 19. Rab1 a4 20. Nd2 Qa6 21. Qf3 Bg5 22. Rfd1 Qa5 23. Qd3 Bxd2 24. Rxd2 Qa6 25. Qe3 Qc4 26. b3 axb3 27. axb3 Qb5 28. Qg5 hxg4 29. Qxg7 gxh3+ 30. Kh2 Rf8 31. Bh4 d4 32. Qf6 Qxe5+ 33. Qxe5 Nxe5 34. Kxh3 dxc3 35. Rc2 Rc8 36. Rbc1 Rh8 37. Rxc3 Rxc3+ 38. Rxc3 Kd7 39. Kg3 Rg8+ 40. Kh3 f5 41. Bg3 Nc6 42. b4 Rh8+ 43. Kg2 b5 44. Rc5 e5 45. Rxb5 f4 46. Bh2 Rg8+ 47. Kf1 Kd6 48. f3 Nd4 49. Rb6+ Kd5 50. Bg1 Nxf3 51. Rb5+ Ke4 52. Bf2 Ra8 53. Ra5 Rc8 54. Ra1 Nd2+ 55. Ke2 Rc2 56. Kd1 Rb2 57. Be1 Nc4 58. Bc3 Rb3 59. Kc2 Ra3 60. Re1+ Kd5 61. b5 Ra2+ 62. Kb3 Ra3+ 63. Kc2 Ne3+ 64. Kb2 Ra4 65. Kb3 Ra8 66. Kb4 Nc2+ 67. Kb3 Nxe1 68. Bxe1 e4 0-1


[Site "https://www.chess.com"]

[Event "Titled Tuesday Blitz May 31 Early 2022"]
[White "Stepanencu, Nicodim-Cosmin"]
[Black "Csonka, Balazs"]
[WhiteFideId "1256220"]
[BlackFideId "742910"]
[WhiteElo "1945"]
[BlackElo "2404"]
[Result "1-0"]
[Round "07"]
[TimeControl "180+1"]
[Date "2022.06.01"]
[WhiteClock "0:00:09"]
[BlackClock "0:00:06"]

1. b3 e5 2. Bb2 Nc6 3. c4 Nf6 4. e3 d5 5. cxd5 Nxd5 6. a3 Bd6 7. Qc2 O-O 8. d3 f5 9. Nd2 Qe7 10. Ngf3 Kh8 11. Be2 Nf6 12. Nc4 Bd7 13. b4 a6 14. h3 Rae8 15. Nfd2 f4 16. e4 b5 17. Nxd6 cxd6 18. Nf3 Rc8 19. Qd2 Rg8 20. Rc1 Be8 21. Bd1 Bh5 22. Bb3 Rgd8 23. Bd1 Bxf3 24. Bxf3 g5 25. g4 Kg7 26. Kf1 Nd4 27. Bxd4 exd4 28. Kg2 Qe5 29. h4 h6 30. hxg5 hxg5 31. Be2 Rc3 32. Rxc3 dxc3 33. Qa2 d5 34. Bf3 d4 35. a4 Rc8 36. axb5 axb5 37. Qa6 c2 38. Qxc8 1-0


[Site "https://www.chess.com"]

[Event "Titled Tuesday Blitz May 31 Early 2022"]
[White "Stribuk, Artiom"]
[Black "Al-Tarboush, Ward"]
[WhiteFideId "13515659"]
[BlackFideId "7601450"]
[WhiteElo "2259"]
[BlackElo "2294"]
[Result "1/2-1/2"]
[Round "07"]
[TimeControl "180+1"]
[Date "2022.05.31"]
[WhiteClock "0:00:06"]
[BlackClock "0:00:05"]

1. d4 d5 2. c4 c6 3. Nf3 Nf6 4. Nc3 dxc4 5. a4 Bf5 6. Ne5 Nbd7 7. Nxc4 Nb6 8. Ne5 a5 9. h3 h6 10. f3 Nfd7 11. e4 Nxe5 12. exf5 Ned7 13. Bd3 e5 14. fxe6 Qh4+ 15. Kf1 fxe6 16. Bg6+ Kd8 17. Be3 Bb4 18. Bf2 Qf6 19. Bc2 Rf8 20. Ne4 Qe7 21. h4 Nd5 22. h5 N7f6 23. Nxf6 gxf6 24. Rh4 Kc7 25. Rg4 f5 26. Rg6 Rg8 27. Rxh6 Qg5 28. Rh7+ Kb6 29. g3 Ne3+ 30. Bxe3 Qxe3 31. Qe2 Qxe2+ 32. Kxe2 Rxg3 33. Rf1 Rag8 34. Bb3 Rh3 35. Bxe6 Re8 36. Rh6 Bf8 37. Rg6 Rxh5 38. Kd3 Bb4 39. Rf2 Rh1 40. Re2 Rd1+ 41. Kc2 Rxd4 42. Rgg2 f4 43. b3 Red8 44. Bc4 Bc5 45. Rg4 Bb4 46. Rgg2 Ka7 47. Rg1 Rd2+ 48. Rxd2 Rxd2+ 49. Kc1 Rf2 50. Rf1 Ra2 51. Kb1 Rg2 52. Bd3 Bd2 53. Rd1 Be3 54. Be4 Rg5 55. Kc2 Rc5+ 56. Kb2 b5 57. axb5 cxb5 58. Rd5 Rc7 59. Rxb5 Bd4+ 60. Kb1 Bc3 61. Kc2 Bb4+ 62. Kd1 Rc3 63. Rf5 Rxb3 64. Rxf4 a4 65. Bc2 Rb2 66. Bxa4 Rd2+ 67. Kc1 Ba5 68. Bc2 Rf2 69. Rf7+ Kb6 70. Kb2 Kc5 71. Kb3 Bd2 72. Rf5+ Kd6 73. Be4 Be3 74. Kc4 Rd2 75. Kc3 Rf2 76. Rb5 Ke6 77. Kd3 Bf4 78. Rf5 Be5 79. Rf8 Rb2 80. Re8+ Kf6 81. Rf8+ Ke7 82. Ra8 Rb3+ 83. Kc4 Rc3+ 84. Kd5 Bd6 85. Ra7+ Rc7 86. Ra6 Rc5+ 87. Kd4 Rb5 88. Ke3 Ke6 89. Kd3 Rb3+ 90. Ke2 Rb4 91. Bd3 Ke5 92. Ra5+ Ke6 93. Be4 Be5 94. Rd5 Bf4 95. Rc5 Rb2+ 96. Kd1 Rd2+ 97. Ke1 Ra2 98. Rd5 Ra1+ 99. Ke2 Ra2+ 100. Kd1 Ra3 101. Kc2 Be5 102. Rb5 Rc3+ 103. Kd2 Ra3 104. Rb6+ Ke7 105. Ke2 Ra2+ 106. Kd3 Ra3+ 107. Kc4 Ra5 108. Rb7+ Kf6 109. Rb6+ Kg5 110. Re6 Bf6 111. Re8 Kf4 112. Rf8 Ke5 113. Re8+ Kf4 114. Kb4 Ra6 115. Kb5 Rd6 116. Kc5 1/2-1/2


[Site "https://www.chess.com"]

[Event "Titled Tuesday Blitz May 31 Early 2022"]
[White "Stromboli, Ettore"]
[Black "Kuznetsov, Mikhail"]
[WhiteFideId "813761"]
[BlackFideId "4117190"]
[WhiteElo "2414"]
[BlackElo "1981"]
[Result "0-1"]
[Round "07"]
[TimeControl "180+1"]
[Date "2022.06.01"]
[WhiteClock "0:00:02"]
[BlackClock "0:00:02"]

1. e4 c6 2. Nf3 d5 3. Nc3 dxe4 4. Nxe4 Nf6 5. Ng3 h5 6. h4 Bg4 7. Be2 e6 8. d4 Bd6 9. Ne5 Bxe5 10. dxe5 Qa5+ 11. Bd2 Qxe5 12. Bc3 Bxe2 13. Nxe2 Qd5 14. Bxf6 gxf6 15. Qxd5 cxd5 16. Nf4 Nc6 17. O-O-O O-O-O 18. Rh3 Rdg8 19. g3 f5 20. c3 Ne5 21. Rhh1 Ng4 22. Rd2 Nf6 23. Re1 Ne4 24. Rc2 Rg4 25. Re3 Rhg8 26. Nxh5 Rh8 27. f3 Rxg3 28. Nxg3 Nxg3 29. f4 Nh5 30. Rf2 Rg8 31. c4 dxc4 32. Rc3 b5 33. b3 Rg4 34. bxc4 b4 35. Rcf3 Kc7 36. a3 a5 37. axb4 axb4 38. Rb2 Rxh4 39. Rxb4 Rxf4 40. Ra3 Kc6 41. Ra5 Nf6 42. Kd2 Ne4+ 43. Ke3 Rh4 44. Rb8 f6 45. Rc8+ Kd7 46. Rf8 Rh3+ 47. Ke2 Rh2+ 48. Kd3 Rh3+ 49. Ke2 e5 50. Ra6 f4 51. Rf7+ Ke8 52. Rg7 Kf8 53. Rd7 Rh2+ 0-1


[Site "https://www.chess.com"]

[Event "Titled Tuesday Blitz May 31 Early 2022"]
[White "Suleymanli, Suleyman"]
[Black "Belenkaya, Dina"]
[WhiteFideId "13416375"]
[BlackFideId "24142654"]
[WhiteElo "1598"]
[BlackElo "2196"]
[Result "0-1"]
[Round "07"]
[TimeControl "180+1"]
[Date "2022.06.01"]
[WhiteClock "0:00:13"]
[BlackClock "0:00:19"]

1. Nf3 d5 2. g3 c6 3. Bg2 g6 4. d4 Bg7 5. O-O Nf6 6. c4 O-O 7. Nc3 Nbd7 8. cxd5 cxd5 9. Ne5 e6 10. Bf4 Nh5 11. Nxd7 Qxd7 12. Bg5 h6 13. Be3 Qe7 14. h3 Bd7 15. Qd2 Kh7 16. Bf3 Nf6 17. Bf4 Rfc8 18. Be5 Ne8 19. Bf4 Nd6 20. b3 Nb5 21. Nxb5 Bxb5 22. Rac1 a5 23. Rxc8 Rxc8 24. Qxa5 Ba6 25. Be5 Rc2 26. Bxg7 Kxg7 27. Re1 Qd7 28. a4 Qc6 29. e3 Rb2 30. Qc5 Qxc5 31. dxc5 Rxb3 32. Rc1 Bc4 33. Bd1 Rb4 34. Kg2 Kf6 35. Kf3 Ke7 36. Be2 Kd7 37. Bxc4 dxc4 38. Ke4 Kc6 39. Kd4 e5+ 40. Kxe5 Kxc5 41. a5 Rb5 42. Ra1 c3 43. Ke4 Kc4 44. a6 bxa6 45. Rxa6 c2 46. Ra1 Rb1 47. Ra7 c1=Q 48. Rc7+ Kb5 49. Rxc1 Rxc1 50. g4 Rf1 51. f4 Rh1 52. Ke5 Rxh3 53. Kf6 Rxe3 54. Kxf7 h5 55. g5 h4 56. f5 gxf5 57. g6 Rg3 58. g7 f4 59. Kf6 f3 60. Kf5 f2 61. g8=Q f1=Q+ 62. Ke5 Rxg8 0-1


[Site "https://www.chess.com"]

[Event "Titled Tuesday Blitz May 31 Early 2022"]
[White "Swiercz, Dariusz"]
[Black "Barp, Alberto"]
[WhiteFideId "1126881"]
[BlackFideId "872555"]
[WhiteElo "2627"]
[BlackElo "2229"]
[Result "1-0"]
[Round "07"]
[TimeControl "180+1"]
[Date "2022.05.31"]
[WhiteClock "0:01:35"]
[BlackClock "0:01:31"]

1. d4 Nf6 2. c4 e6 3. Nc3 Bb4 4. e3 d5 5. a3 Bxc3+ 6. bxc3 c6 7. a4 O-O 8. Nf3 b6 9. Ba3 Re8 10. cxd5 exd5 11. Bd3 Ba6 12. O-O Bxd3 13. Qxd3 Nbd7 14. c4 Qc8 15. Rfc1 Qa6 16. Qb3 Rac8 17. Rc2 h6 18. Rac1 Qb7 19. h3 Ne4 20. cxd5 cxd5 21. Rxc8 Rxc8 22. Rxc8+ Qxc8 23. Qxd5 Qc2 24. Qxd7 Qxf2+ 25. Kh2 Qg3+ 26. Kh1 Nf2+ 27. Kg1 Nxh3+ 28. Qxh3 1-0


[Site "https://www.chess.com"]

[Event "Titled Tuesday Blitz May 31 Early 2022"]
[White "Tarasova, Viktoriya"]
[Black "Potapova, Margarita"]
[WhiteFideId "4175840"]
[BlackFideId "14126869"]
[WhiteElo "2182"]
[BlackElo "2216"]
[Result "1/2-1/2"]
[Round "07"]
[TimeControl "180+1"]
[Date "2022.06.01"]
[WhiteClock "0:00:03"]
[BlackClock "0:00:08"]

1. d4 d5 2. c4 e6 3. Nc3 c6 4. Nf3 Nf6 5. Bg5 dxc4 6. e4 h6 7. Bxf6 Qxf6 8. Bxc4 Qd8 9. O-O Be7 10. Qe2 O-O 11. Rad1 Nd7 12. Rfe1 Nb6 13. Bb3 a5 14. a3 a4 15. Ba2 Qc7 16. d5 e5 17. dxc6 bxc6 18. Rc1 Ba6 19. Qc2 Qb7 20. Nxe5 Bg5 21. Rcd1 Rae8 22. Nf3 Be7 23. e5 Kh8 24. e6 fxe6 25. Rxe6 Bf6 26. Rde1 Rd8 27. Ne5 Bxe5 28. R6xe5 Bd3 29. Qc1 Nd7 30. Re7 Qb6 31. R1e3 Nf6 32. h3 Nh5 33. g3 Nf6 34. Bb1 Bxb1 35. Qxb1 Rd2 36. Qg6 Rg8 37. Re2 Qxb2 38. Rxd2 Qxd2 39. Ne4 Qd1+ 40. Kg2 Qd5 41. Kg1 Qd1+ 42. Kg2 Qd5 43. Kg1 Nxe4 44. Qxe4 Qd6 45. Kg2 Qxa3 46. Re8 Qb3 47. Rxg8+ Kxg8 48. Qe8+ Kh7 49. Qe4+ g6 50. Qe7+ Kh8 51. Qe8+ Kh7 52. Qd7+ Kg8 53. Qe8+ Kg7 54. Qe7+ Qf7 55. Qe5+ Kf8 56. Qb8+ Qe8 57. Qd6+ Kf7 58. Qc7+ Ke6 59. Qf4 c5 60. Qxh6 Qa8+ 61. Kh2 a3 62. Qxg6+ Kd7 63. Qf7+ Kd6 64. Qf6+ Kc7 65. Qe7+ Kb6 66. Qd6+ Qc6 67. Qd8+ Kb5 68. Qd3+ Kb4 69. Qd2+ Ka4 70. Qc2+ Ka5 71. Qc3+ Ka4 72. Qc2+ Kb4 73. Qd2+ Kb3 74. Qd3+ Kb2 75. Qd2+ Kb3 76. Qd3+ Kb4 77. Qd2+ 1/2-1/2


[Site "https://www.chess.com"]